 Dungeon Crawl Stone Soup version 0.31-a0-978-g1e143483b6 (webtiles) character file.

Game seed: 14296400646557192964

96 timneilson the Ruffian (level 4, -9/29 HPs)
             Began as an Octopode Shapeshifter on Oct 30, 2023.
             Mangled by a kobold
             ... wielding a +2 whip of electrocution
              (17 damage)
             ... on level 2 of the Dungeon on Oct 31, 2023.
             The game lasted 00:02:02 (789 turns).

timneilson the Ruffian (Octopode Shapeshifter)       Turns: 789, Time: 00:02:04

Health: -9/29      AC:  5    Str: 15    XL:     4   Next: 67%
Magic:  4/5        EV: 13    Int: 12    God:
Gold:   103        SH:  0    Dex: 11    Spells: 4/4 levels left

rFire   + .          .
                       - Unarmed
rCold   x . .        (no shield)
rNeg    . . .        (helmet currently unavailable)
rPois   .            (no amulet)
rElec   .            d - ring of fire
rCorr   .            j - +4 ring of protection
SInv    .            (no ring)
Will    .....        (no ring)
Stlth   +++          (no ring)
HPRegen 0.24/turn    (no ring)
MPRegen 0.09/turn    (no ring)
                     (no ring)

%: no passive effects
@: beast-form
A: beast (slay +1), almost no armour, amphibious, 8 rings, camouflage 1,
gelatinous body 1, (nimble swimmer 1), tentacles
a: Begin Untransformation


You were on level 2 of the Dungeon.
You were a hulking beast.
You visited 1 branch of the dungeon, and saw 2 of its levels.

You collected 103 gold pieces.

Inventory:

Jewellery
 d - a ring of fire (left tentacle)
 j - a +4 ring of protection (right tentacle)
Talismans
 b - a beast talisman
 c - a flux talisman
Wands
 h - a wand of mindburst (8)
Scrolls
 e - 2 scrolls of identify {unknown}
 i - a scroll of vulnerability {unknown}
 k - a scroll of fog {unknown}
Potions
 a - a potion of lignification
 f - a potion of curing {unknown}
 g - a potion of might {unknown}


   Skills:
 * Level 2.0 Fighting
 * Level 2.7 Dodging
 + Level 1.9 Stealth
 * Level 3.5 Unarmed Combat
 + Level 0.8 Spellcasting
 + Level 0.4 Evocations
 * Level 3.3 Shapeshifting


You had 4 spell levels left.
You didn't know any spells.
Your spell library was empty.

Dungeon Overview and Level Annotations

Branches:
Dungeon (2/15)

Altars:


Innate Abilities, Weirdness & Mutations

You are a hulking beast.
Your limbs bulge with bestial killing power. (Slay +1)
You cannot wear most types of armour.
You are amphibious.
You can wear up to eight rings at the same time.
Your skin changes colour to match your surroundings (Stealth+).
Your rubbery body absorbs attacks. (AC +1, EV +1)
((You are camouflaged when in or above water. (Stealth+)))
You have tentacles for arms and can constrict up to eight enemies at once.


Message History

The gnoll misses you.
You tentacle-slap the gnoll. You squeeze the gnoll.
You kill the gnoll!
The gnoll shouts!
You hear a shout!
The gnoll hits you with a +0 whip.
Things that are here:
a +0 flail; a gnoll corpse You tentacle-slap the gnoll.
You grab the gnoll.
The gnoll is lightly wounded.
You constrict the gnoll. The gnoll closely misses you.
You tentacle-slap the gnoll.
The gnoll is severely wounded.
You constrict the gnoll. The gnoll closely misses you.
You tentacle-slap the gnoll.
You kill the gnoll!
A gnoll comes into view. It is wielding a +0 flail.
Your Fighting skill increases to level 2!
You barely miss the gnoll. Your grab misses the gnoll.
Your squeeze misses the gnoll. The gnoll hits you with a +0 mace.
You tentacle-slap the gnoll. You grab the gnoll. You squeeze the gnoll!
You kill the gnoll!
The gnoll hits you with a +0 flail!
* * * LOW HITPOINT WARNING * * *
A kobold comes into view.
It is wielding a +2 whip of electrocution.
Items here: )) ††.
You tentacle-slap the gnoll. You grab the gnoll.
You squeeze the gnoll, but do no damage.
The gnoll is moderately wounded.
You constrict the gnoll. The gnoll barely misses you.
You tentacle-slap the gnoll.
The gnoll is moderately wounded.
You constrict the gnoll, but do no damage.
The gnoll misses you.
You tentacle-slap the gnoll. You squeeze the gnoll.
The gnoll is almost dead.
You constrict the gnoll.
You kill the gnoll!
The kobold hits you but does no damage.
You are electrocuted!
Ouch! That really hurt!
You die...

#.#########
#.#. #.#
#.#. #.#
#.#.
#######.##
#.##
........)#
####.##
#######..#
#......
#..#####.
.......
#).......
..#####
#h######.
..#####
#.K)#
.......
#.#.#
..#####
#..#. ##. #
# # #
.._.#####
##.......
#......).
#.#######


You could see a kobold.

Vanquished Creatures
  Robin (D:2)
  4 gnolls (D:2)
  A dart slug (D:1)
  3 ball pythons
  A bat (D:1)
  2 endoplasms (D:1)
  2 giant cockroaches (D:1)
  14 goblins
  9 hobgoblins
  5 jackals
  A frilled lizard (D:1)
  3 kobolds
  2 rats (D:1)
48 creatures vanquished.

Notes
Turn   | Place    | Note
-------+----------+-------------------------------------------
     0 | D:1      | timneilson the Octopode Shapeshifter began the quest for
                  | the Orb.
     0 | D:1      | Reached XP level 1. HP: 13/13 MP: 1/1
    91 | D:1      | Reached XP level 2. HP: 16/18 MP: 2/2
   272 | D:1      | Reached skill level 1 in Stealth
   301 | D:1      | Reached XP level 3. HP: 19/23 MP: 3/3
   624 | D:1      | You fall into a shaft and drop 1 floor!
   688 | D:2      | Noticed Robin
   693 | D:2      | Found a faded altar of an unknown god.
   697 | D:2      | Killed Robin
   698 | D:2      | Reached XP level 4. HP: 23/29 MP: 4/4
   789 | D:2      | Mangled by a kobold

Illustrated notes

Levels and vault maps discovered:
D:1:      ncdulo_smallfort, layout_basic
D:2:      layout_loops_ring, basic_ecumenical_altar, uniq_jessica, uniq_robin

Skill      XL: |  1  2  3  4 |
---------------+-------------+-----
Stealth        | 1 |  1.9
Fighting       | 2 |  2.0
Dodging        | |  2.7
Unarmed Combat | |  3.5
Spellcasting   | |  0.8
Evocations     | |  0.4
Shapeshifting  | |  3.3

Action                     |  1- 3 |  4- 6 || total
---------------------------+-------+-------++-------
  Melee: Unarmed           |    72 |    12 ||    84
         Constrict         |    18 |     5 ||    23
         Tentacles         |     5 |     4 ||     9
         Punch             |     5 |       ||     5
   Stab: Sleeping          |     2 |       ||     2
 Armour: Skin              |    15 |     6 ||    21
  Dodge: Dodged            |    32 |     5 ||    37

Table legend: (Time is in decaauts)
 A = Elapsed time spent in this place.
 B = Non-inter-level travel time spent in this place.
 C = Inter-level travel time spent in this place.
 D = Time resting spent in this place.
 E = Time spent auto-exploring this place.
 F = Levels seen in this place.
 G = Mean time per level.
                   A        B        C        D        E       F      G
               +--------+--------+--------+--------+--------+-----+--------+
         Total |    782 |    782 |      0 |      0 |    528 |   2 |  391.0 |
       Dungeon |    782 |    782 |      0 |      0 |    528 |   2 |  391.0 |
               +--------+--------+--------+--------+--------+-----+--------+

Top non-repeatable levels by time:
     D:1: 621 daAuts
     D:2: 160 daAuts
